[Event "Cup of July"]
[Site "?"]
[Date "2020.07.12"]
[Round "1"]
[White "Buryak"]
[Black "Matvei_Gongorov"]
[Result "1-0"]
[ECO "C34"]
[WhiteElo "2032"]
[BlackElo "1354"]
[PlyCount "29"]
[EventDate "2020.??.??"]
[EventRounds "1"]
[TimeControl "180+2"]

1. e4 e5 2. f4 Nc6 3. Nf3 exf4 4. d4 Bd6 5. e5 Bb4+ 6. c3 Be7 7. Bxf4 Nh6 8.
Bxh6 gxh6 9. Bd3 Bh4+ 10. g3 Be7 11. Nbd2 O-O 12. Bc2 d6 13. Nc4 Bg4 14. Qd3
Bxf3 15. Qxh7# {Normal} 1-0

[Event "Cup of July"]
[Site "?"]
[Date "2020.07.12"]
[Round "1"]
[White "Matvei_Gongorov"]
[Black "Buryak"]
[Result "0-1"]
[ECO "B21"]
[WhiteElo "1354"]
[BlackElo "2032"]
[PlyCount "26"]
[EventDate "2020.??.??"]
[EventRounds "1"]
[TimeControl "180+2"]

1. e4 c5 2. d4 cxd4 3. c3 dxc3 4. Bc4 cxb2 5. Bxb2 e6 6. e5 Nc6 7. h3 Qb6 8.
Nc3 Qxb2 9. Rc1 Bb4 10. Nge2 Nxe5 11. Bb3 Bxc3+ 12. Nxc3 Nd3+ 13. Kf1 Qxf2# {
Normal} 0-1

[Event "Cup of July"]
[Site "?"]
[Date "2020.07.12"]
[Round "1"]
[White "Buryak"]
[Black "Matvei_Gongorov"]
[Result "1-0"]
[ECO "C34"]
[WhiteElo "2032"]
[BlackElo "1354"]
[PlyCount "27"]
[EventDate "2020.??.??"]
[EventRounds "1"]
[TimeControl "180+2"]

1. e4 e5 2. f4 exf4 3. Nf3 Nf6 4. Nc3 Bc5 5. d4 Bb4 6. Bd3 Bxc3+ 7. bxc3 d5 8.
e5 Ng4 9. Bxf4 O-O 10. h3 Nh6 11. Bxh6 gxh6 12. Qd2 Nc6 13. Qxh6 Be6 14. Qxh7#
{Normal} 1-0

[Event "Cup of July"]
[Site "?"]
[Date "2020.07.12"]
[Round "1"]
[White "Matvei_Gongorov"]
[Black "Buryak"]
[Result "0-1"]
[ECO "C57"]
[WhiteElo "1354"]
[BlackElo "2031"]
[PlyCount "32"]
[EventDate "2020.??.??"]
[EventRounds "1"]
[TimeControl "300"]

1. e4 e5 2. Nf3 Nc6 3. Bc4 Nf6 4. Ng5 Bc5 5. Nxf7 Bxf2+ 6. Kxf2 Nxe4+ 7. Ke1
Qh4+ 8. g3 Nxg3 9. hxg3 Qxh1+ 10. Bf1 Kxf7 11. Qh5+ Qxh5 12. Nc3 Nd4 13. Kf2
Qf3+ 14. Ke1 Qxg3+ 15. Kd1 Qf3+ 16. Ke1 Nxc2# {Normal} 0-1

[Event "Cup of July"]
[Site "?"]
[Date "2020.07.12"]
[Round "1"]
[White "Buryak"]
[Black "Matvei_Gongorov"]
[Result "1-0"]
[ECO "C26"]
[WhiteElo "2031"]
[BlackElo "1355"]
[PlyCount "37"]
[EventDate "2020.??.??"]
[EventRounds "1"]
[TimeControl "300"]

1. e4 e5 2. Nc3 Nf6 3. f4 exf4 4. Nf3 Bc5 5. d4 Bb4 6. Bd3 Bxc3+ 7. bxc3 h6 8.
Bxf4 O-O 9. O-O Nc6 10. Qd2 d6 11. Bxh6 gxh6 12. Qxh6 Ng4 13. Qh5 Be6 14. e5 f5
15. Qg6+ Kh8 16. Qxe6 dxe5 17. Bxf5 Ne3 18. Qh6+ Kg8 19. Qh7# {Normal} 1-0

[Event "Cup of July"]
[Site "?"]
[Date "2020.07.12"]
[Round "1"]
[White "Matvei_Gongorov"]
[Black "Buryak"]
[Result "0-1"]
[ECO "C01"]
[WhiteElo "1355"]
[BlackElo "2031"]
[PlyCount "56"]
[EventDate "2020.??.??"]
[EventRounds "1"]
[TimeControl "300"]

1. e4 e6 2. d4 d5 3. exd5 exd5 4. Qe2+ Be7 5. Nf3 Nf6 6. Qd1 O-O 7. Bd3 Bg4 8.
h3 Bh5 9. g4 Bg6 10. Bxg6 fxg6 11. O-O Ne4 12. Bd2 Bd6 13. Bc1 Nd7 14. Nc3 c6
15. Nxe4 dxe4 16. Bg5 Qc7 17. Nd2 Rae8 18. Re1 Bf4 19. Bxf4 Qxf4 20. Rf1 e3 21.
fxe3 Qg3+ 22. Kh1 Qxh3+ 23. Kg1 Qxe3+ 24. Kh1 Rf2 25. Rxf2 Qxf2 26. Nc4 Re2 27.
Qg1 Qh4+ 28. Qh2 Qxh2# {Normal} 0-1

[Event "Cup of July"]
[Site "?"]
[Date "2020.07.12"]
[Round "1"]
[White "Buryak"]
[Black "Matvei_Gongorov"]
[Result "1/2-1/2"]
[ECO "C26"]
[WhiteElo "2037"]
[BlackElo "1349"]
[PlyCount "124"]
[EventDate "2020.??.??"]
[EventRounds "1"]
[TimeControl "300"]

1. e4 e5 2. Nc3 Nf6 3. f4 exf4 4. Nf3 Bc5 5. d4 Bb4 6. Bxf4 Bxc3+ 7. bxc3 Nxe4
8. Bd3 Nf6 9. O-O h6 10. Re1+ Kf8 11. Qe2 Nc6 12. Rab1 d6 13. d5 Nxd5 14. Bg3
Nxc3 15. Qe3 Nxb1 16. Rxb1 Be6 17. Rxb7 Bxa2 18. Qe4 Qe8 19. Qa4 Bd5 20. Rxc7
Ne5 21. Nxe5 Qxa4 22. Nd7+ Ke7 23. Nb6+ Kd8 24. Nxa4 Kxc7 25. Nc3 Be6 26. Nb5+
Kc6 27. Nxd6 Kd7 28. Bb5+ Ke7 29. Ne4 f5 30. Bd6+ Kf7 31. Nc5 Rad8 32. Be5 Rd1+
33. Kf2 Rd2+ 34. Ke3 Rxc2 35. Nd3 Rxg2 36. Nf4 Rb2 37. Bxb2 g5 38. Nxe6 Kxe6
39. Bxh8 f4+ 40. Kf3 Kf5 41. Bd3+ Ke6 42. Bd4 Kd5 43. Bxa7 Kc6 44. Bd4 Kd5 45.
Bg7 Ke6 46. Bxh6 Kf6 47. h4 gxh4 48. Bxf4 Kg7 49. Kg4 Kf6 50. Kxh4 Ke6 51. Kg3
Kd5 52. Kf3 Kd4 53. Be4 Kc3 54. Ke3 Kb2 55. Be5+ Ka3 56. Bd5 Ka4 57. Bd6 Kb5
58. Kd4 Kb6 59. Be5 Ka7 60. Kc5 Ka6 61. Bc4+ Ka7 62. Bc7 Ka8 {Time forfeit}
1/2-1/2

[Event "Cup of July"]
[Site "?"]
[Date "2020.07.12"]
[Round "1"]
[White "Erhito"]
[Black "Viktor_Badmazhapov"]
[Result "0-1"]
[ECO "B01"]
[WhiteElo "1180"]
[BlackElo "2148"]
[PlyCount "48"]
[EventDate "2020.??.??"]
[EventRounds "1"]
[TimeControl "180+2"]

1. e4 d5 2. Nc3 d4 3. Nb5 c5 4. d3 a6 5. Bf4 axb5 6. Bxb8 Rxb8 7. Nf3 Nf6 8.
Be2 e6 9. O-O Bd6 10. h3 Qc7 11. c3 O-O 12. cxd4 cxd4 13. Nxd4 Be5 14. Nxb5 Qb6
15. Nd4 Qxd4 16. b3 Bc7 17. Qc2 Qe5 18. g3 Bd7 19. f4 Qd4+ 20. Kh1 Bc6 21. Kh2
Rfc8 22. e5 Nd5 23. Bf3 Ne3 24. Qd2 Nxf1+ {Normal} 0-1

[Event "Cup of July"]
[Site "?"]
[Date "2020.07.12"]
[Round "1"]
[White "Viktor_Badmazhapov"]
[Black "Erhito"]
[Result "1-0"]
[ECO "B01"]
[WhiteElo "2148"]
[BlackElo "1180"]
[PlyCount "35"]
[EventDate "2020.??.??"]
[EventRounds "1"]
[TimeControl "180+2"]

1. e4 d5 2. exd5 Qxd5 3. Nc3 Qe5+ 4. Be2 Qg5 5. Nf3 Qxg2 6. Rg1 Qh3 7. d4 e6 8.
Bf4 Bd6 9. Bxd6 cxd6 10. Qd2 e5 11. dxe5 dxe5 12. Nxe5 Nf6 13. O-O-O O-O 14.
Rxg7+ Kxg7 15. Rg1+ Kh8 16. Qg5 Ne8 17. Nxf7+ Rxf7 18. Qg8# {Normal} 1-0

[Event "Cup of July"]
[Site "?"]
[Date "2020.07.12"]
[Round "1"]
[White "Viktor_Badmazhapov"]
[Black "Erhito"]
[Result "1-0"]
[ECO "B03"]
[WhiteElo "2148"]
[BlackElo "1180"]
[PlyCount "63"]
[EventDate "2020.??.??"]
[EventRounds "1"]
[TimeControl "300"]

1. e4 Nf6 2. e5 Nd5 3. d4 Nc6 4. c4 Nb6 5. f4 d6 6. d5 Nxe5 7. fxe5 dxe5 8. Nf3
e4 9. Ne5 Bf5 10. Nc3 e6 11. Be2 Bd6 12. Ng4 O-O 13. O-O Bxg4 14. Bxg4 Qh4 15.
Bf4 Bxf4 16. Rxf4 e5 17. Rf1 Nxc4 18. Nxe4 Nxb2 19. Qb3 Qxg4 20. Nf6+ gxf6 21.
Qxb2 Qf4 22. Rxf4 exf4 23. Qxf6 Rae8 24. Rf1 h5 25. Rxf4 Re1+ 26. Kf2 Ra1 27.
Rf5 Rxa2+ 28. Kg3 Ra3+ 29. Kh4 Ra4+ 30. Kxh5 Ra2 31. Rg5+ Kh7 32. Qg7# {Normal}
1-0

[Event "Cup of July"]
[Site "?"]
[Date "2020.07.12"]
[Round "1"]
[White "Erhito"]
[Black "Viktor_Badmazhapov"]
[Result "0-1"]
[ECO "A46"]
[WhiteElo "1180"]
[BlackElo "2148"]
[PlyCount "46"]
[EventDate "2020.??.??"]
[EventRounds "1"]
[TimeControl "300"]

1. d4 d5 2. Nc3 Nf6 3. Nf3 e6 4. Bg5 c5 5. Bxf6 Qxf6 6. dxc5 Bxc5 7. e3 O-O 8.
Bb5 Nc6 9. Bxc6 bxc6 10. O-O Bd6 11. h3 Bb7 12. a3 c5 13. Nb5 Bb8 14. b4 a6 15.
Nc3 Qxc3 16. bxc5 Qxc5 17. Rb1 Bc6 18. Ne5 Bxe5 19. f4 Qxe3+ 20. Kh2 Bxf4+ 21.
Kh1 d4 22. Qe1 Qxh3+ 23. Kg1 Qxg2# {Normal} 0-1

[Event "Cup of July"]
[Site "?"]
[Date "2020.07.12"]
[Round "1"]
[White "Viktor_Badmazhapov"]
[Black "Erhito"]
[Result "1-0"]
[ECO "B01"]
[WhiteElo "2147"]
[BlackElo "1180"]
[PlyCount "37"]
[EventDate "2020.??.??"]
[EventRounds "1"]
[TimeControl "300"]

1. e4 d5 2. exd5 Qxd5 3. Nc3 Qg5 4. d4 Qg6 5. Nf3 Nc6 6. d5 Nb8 7. Bf4 Na6 8.
Nb5 Qe4+ 9. Be3 Bd7 10. Nc3 Qb4 11. Bxa6 bxa6 12. O-O Qxb2 13. Ne4 Bf5 14. Neg5
Bxc2 15. Qe2 Rb8 16. Qxa6 f6 17. Qc6+ Kd8 18. Ne6+ Kc8 19. Qxc7# {Normal} 1-0

[Event "Cup of July"]
[Site "?"]
[Date "2020.07.12"]
[Round "1"]
[White "Erhito"]
[Black "Viktor_Badmazhapov"]
[Result "0-1"]
[ECO "C68"]
[WhiteElo "1180"]
[BlackElo "2147"]
[PlyCount "40"]
[EventDate "2020.??.??"]
[EventRounds "1"]
[TimeControl "300"]

1. e4 e5 2. Nf3 Nc6 3. Bb5 a6 4. Bxc6 dxc6 5. Nxe5 Qg5 6. Nf3 Qxg2 7. d3 Qxh1+
8. Ke2 Qg2 9. Bf4 Bg4 10. Ke3 Bc5+ 11. d4 Bxd4+ 12. Kxd4 O-O-O+ 13. Ke3 Rxd1
14. Nh4 Re1+ 15. Kd4 Qxf2+ 16. Kd3 Qxf4 17. Ng2 Qxe4+ 18. Kc3 Nf6 19. Nxe1 Nd5+
20. Kd2 Qe3# {Normal} 0-1

[Event "Cup of July"]
[Site "?"]
[Date "2020.07.12"]
[Round "1"]
[White "Valera94"]
[Black "elijahblood"]
[Result "0-1"]
[ECO "C00"]
[WhiteElo "1627"]
[BlackElo "2069"]
[PlyCount "44"]
[EventDate "2020.??.??"]
[EventRounds "1"]
[TimeControl "180+2"]

1. e4 e6 2. Nf3 d6 3. Be2 b6 4. O-O Bb7 5. Nc3 Nd7 6. d3 Ne7 7. Bg5 h6 8. Bh4
g5 9. Bg3 Bg7 10. d4 O-O 11. e5 Bxf3 12. Bxf3 d5 13. Ne2 c5 14. b3 Rc8 15. c4
cxd4 16. cxd5 Nxd5 17. Nxd4 Nxe5 18. Bxe5 Bxe5 19. Bh5 Nc3 20. Qd3 Qxd4 21.
Qxd4 Bxd4 22. Rac1 Nxa2 {Normal} 0-1

[Event "Cup of July"]
[Site "?"]
[Date "2020.07.12"]
[Round "1"]
[White "elijahblood"]
[Black "Valera94"]
[Result "1-0"]
[ECO "C50"]
[WhiteElo "2068"]
[BlackElo "1628"]
[PlyCount "37"]
[EventDate "2020.??.??"]
[EventRounds "1"]
[TimeControl "180+2"]

1. e4 e5 2. Nf3 Nc6 3. Bc4 Bc5 4. O-O d6 5. h3 Be6 6. Qe2 Nf6 7. Nc3 O-O 8. d3
h6 9. Nd5 Bxh3 10. gxh3 Nh5 11. Be3 Bxe3 12. Qxe3 a6 13. Kh2 b5 14. Bb3 Na5 15.
Rg1 c6 16. Qxh6 g6 17. Qxh5 cxd5 18. Bxd5 Rc8 19. Rxg6# {Normal} 1-0

[Event "Cup of July"]
[Site "?"]
[Date "2020.07.12"]
[Round "1"]
[White "Valera94"]
[Black "elijahblood"]
[Result "0-1"]
[ECO "B06"]
[WhiteElo "1630"]
[BlackElo "2066"]
[PlyCount "62"]
[EventDate "2020.??.??"]
[EventRounds "1"]
[TimeControl "300"]

1. e4 g6 2. Bc4 Bg7 3. Qf3 e6 4. Nc3 d6 5. Nh3 c5 6. d3 Nf6 7. Bg5 O-O 8. O-O
Nc6 9. Nf4 h6 10. Bh4 g5 11. Nh5 gxh4 12. Nxf6+ Qxf6 13. Nb5 Qxf3 14. gxf3 Be5
15. c3 a6 16. Na3 b5 17. Bb3 h3 18. d4 cxd4 19. cxd4 Nxd4 20. Rad1 Bb7 21. Rfe1
Nxf3+ 22. Kf1 Nxe1 23. Kxe1 Bxe4 24. Kf1 Bxb2 25. Nc2 Be5 26. Ne3 Kh7 27. Ng4
Rad8 28. Re1 Bg2+ 29. Ke2 h5 30. Nxe5 dxe5 31. Bc2+ f5 {Normal} 0-1

[Event "Cup of July"]
[Site "?"]
[Date "2020.07.12"]
[Round "1"]
[White "elijahblood"]
[Black "Valera94"]
[Result "1-0"]
[ECO "C55"]
[WhiteElo "2065"]
[BlackElo "1631"]
[PlyCount "75"]
[EventDate "2020.??.??"]
[EventRounds "1"]
[TimeControl "300"]

1. e4 e5 2. Nf3 Nc6 3. Bc4 Bc5 4. O-O Nf6 5. d4 Bxd4 6. Nxd4 Nxd4 7. Bg5 h6 8.
Bh4 g5 9. f4 gxh4 10. fxe5 Rg8 11. Qxd4 d6 12. Rxf6 Rg7 13. exd6 cxd6 14. Nc3
Bh3 15. Bxf7+ Rxf7 16. Rxf7 Kxf7 17. gxh3 Qg5+ 18. Kh1 Rg8 19. Rf1+ Ke7 20.
Nd5+ Kd8 21. Qf6+ Qxf6 22. Rxf6 Kd7 23. Rxh6 Rf8 24. Rxh4 Ke6 25. Kg2 Rg8+ 26.
Rg4 Rf8 27. h4 Rc8 28. c3 Rc4 29. Kf3 Rc8 30. Ke3 Rh8 31. h3 Ke5 32. Rg5+ Ke6
33. Nf4+ Kf6 34. Rh5 Rg8 35. Nd5+ Ke6 36. Rh7 Rg3+ 37. Kf4 Rxh3 38. Re7# {
Normal} 1-0

[Event "Cup of July"]
[Site "?"]
[Date "2020.07.12"]
[Round "1"]
[White "Valera94"]
[Black "elijahblood"]
[Result "0-1"]
[ECO "C02"]
[WhiteElo "1632"]
[BlackElo "2064"]
[PlyCount "66"]
[EventDate "2020.??.??"]
[EventRounds "1"]
[TimeControl "300"]

1. e4 e6 2. Nf3 d5 3. e5 c5 4. d4 cxd4 5. Nxd4 Nc6 6. Nxc6 bxc6 7. Nc3 Rb8 8.
Be2 Bc5 9. O-O Ne7 10. Be3 Bxe3 11. fxe3 O-O 12. b3 Ng6 13. Bh5 Nxe5 14. Qe2
Qg5 15. Rf2 g6 16. Bf3 Rb6 17. e4 Ba6 18. Qe1 Nxf3+ 19. Rxf3 d4 20. Ne2 Bxe2
21. Qxe2 e5 22. Raf1 c5 23. Qc4 Qe7 24. c3 Re6 25. cxd4 exd4 26. Rf4 Rxe4 27.
Rxe4 Qxe4 28. Qxc5 d3 29. Qf2 a5 30. Re1 Qd5 31. Qd2 Rc8 32. Re3 Rc2 33. Qxd3
Qxg2# {Normal} 0-1

[Event "Cup of July"]
[Site "?"]
[Date "2020.07.12"]
[Round "1"]
[White "elijahblood"]
[Black "Valera94"]
[Result "1-0"]
[ECO "C50"]
[WhiteElo "2063"]
[BlackElo "1633"]
[PlyCount "47"]
[EventDate "2020.??.??"]
[EventRounds "1"]
[TimeControl "300"]

1. e4 e5 2. Nf3 Nc6 3. Bc4 Bc5 4. O-O Nf6 5. d4 Nxd4 6. Nxe5 O-O 7. Be3 d6 8.
Nxf7 Rxf7 9. Bxf7+ Kxf7 10. Bxd4 Bg4 11. f3 Bxd4+ 12. Qxd4 Be6 13. Nc3 c6 14.
Rad1 d5 15. e5 Nd7 16. f4 Nb6 17. f5 Bd7 18. e6+ Kg8 19. exd7 Qxd7 20. f6 gxf6
21. Qxf6 Nc4 22. Rf3 Nxb2 23. Rg3+ Qg7 24. Qxg7# {Normal} 1-0

[Event "Cup of July"]
[Site "?"]
[Date "2020.07.12"]
[Round "1"]
[White "Misha_Bazarov"]
[Black "Ziper2"]
[Result "0-1"]
[ECO "A16"]
[WhiteElo "1565"]
[BlackElo "1633"]
[PlyCount "48"]
[EventDate "2020.??.??"]
[EventRounds "1"]
[TimeControl "120+1"]

1. c4 Nf6 2. Nc3 g6 3. g3 Bg7 4. Bg2 d6 5. e3 O-O 6. Nge2 Nbd7 7. O-O c5 8. d4
Rb8 9. a3 b6 10. Nb5 a6 11. Na7 Bb7 12. Nc6 Bxc6 13. Bxc6 Qc7 14. Bxd7 Nxd7 15.
d5 Ne5 16. b3 Nf3+ 17. Kg2 Bxa1 18. Kxf3 Qd7 19. Kg2 Bg7 20. e4 b5 21. Be3 a5
22. Qd2 bxc4 23. bxc4 Qa4 24. Ra1 Bxa1 {Normal} 0-1

[Event "Cup of July"]
[Site "?"]
[Date "2020.07.12"]
[Round "1"]
[White "Ziper2"]
[Black "Misha_Bazarov"]
[Result "0-1"]
[ECO "A08"]
[WhiteElo "1633"]
[BlackElo "1565"]
[PlyCount "70"]
[EventDate "2020.??.??"]
[EventRounds "1"]
[TimeControl "120+1"]

1. Nf3 d5 2. g3 c5 3. Bg2 Nc6 4. d3 e5 5. O-O Nf6 6. Nbd2 Be6 7. c4 d4 8. a4 a5
9. Nb3 Bd6 10. Bg5 h6 11. Bd2 O-O 12. Nc1 Rc8 13. e3 b6 14. exd4 exd4 15. Ne2
Bg4 16. Bf4 Bxf4 17. Nxf4 Bf5 18. Re1 Qd7 19. Qd2 Rfe8 20. Rad1 Nb4 21. b3 g5
22. Nd5 Nfxd5 23. cxd5 Nxd5 24. Rc1 Nb4 25. Ne5 Qc7 26. f4 f6 27. Nf3 Nxd3 28.
Rxe8+ Rxe8 29. Rf1 Nb4 30. Qf2 gxf4 31. gxf4 Qxf4 32. Qb2 Nd3 33. Qf2 Nxf2 34.
Rxf2 Qe3 35. Kh1 Qxf2 {Normal} 0-1

[Event "Cup of July"]
[Site "?"]
[Date "2020.07.12"]
[Round "1"]
[White "Misha_Bazarov"]
[Black "Ziper2"]
[Result "1-0"]
[ECO "A16"]
[WhiteElo "1691"]
[BlackElo "1875"]
[PlyCount "67"]
[EventDate "2020.??.??"]
[EventRounds "1"]
[TimeControl "180+2"]

1. c4 Nf6 2. Nc3 g6 3. g3 Bg7 4. Bg2 d6 5. e3 O-O 6. Nge2 Nbd7 7. O-O c5 8. d4
Rb8 9. a4 a6 10. Bd2 b6 11. d5 Qc7 12. e4 e6 13. f4 exd5 14. exd5 Re8 15. Re1
Ng4 16. h3 Nh6 17. Ra2 Nf5 18. Ne4 Nf6 19. Nxf6+ Bxf6 20. a5 b5 21. cxb5 axb5
22. Nc3 Nd4 23. Rxe8+ Kg7 24. Bf1 Qd7 25. Re1 Bb7 26. Be3 Ba6 27. Ne4 Qd8 28.
Nxf6 Qxf6 29. b4 Re8 30. bxc5 Kg8 31. Bxd4 Rxe1 32. Bxf6 Rxd1 33. Re2 Kf8 34.
Re7 {Normal} 1-0

[Event "Cup of July"]
[Site "?"]
[Date "2020.07.12"]
[Round "1"]
[White "Ziper2"]
[Black "Misha_Bazarov"]
[Result "1-0"]
[ECO "A05"]
[WhiteElo "1875"]
[BlackElo "1691"]
[PlyCount "57"]
[EventDate "2020.??.??"]
[EventRounds "1"]
[TimeControl "180+2"]

1. Nf3 Nf6 2. g3 g6 3. Bg2 Bg7 4. O-O d5 5. d3 c5 6. Nbd2 Nc6 7. c4 d4 8. b3 e5
9. Bb2 Be6 10. e3 Bf5 11. e4 Be6 12. Bc1 Nb4 13. Qe2 Nc6 14. Ba3 b6 15. Bc1 Kf8
16. Re1 Ke7 17. Ng5 Qd7 18. Nxe6 Qxe6 19. Nf3 Rhe8 20. Ng5 Qd7 21. f4 h6 22.
Nf3 Kf8 23. Rf1 Kg8 24. fxe5 Nxe5 25. Nxe5 Rxe5 26. Bf4 Re6 27. e5 Nh5 28. Bxa8
f6 29. Bd5 {Normal} 1-0

[Event "Cup of July"]
[Site "?"]
[Date "2020.07.12"]
[Round "1"]
[White "Misha_Bazarov"]
[Black "Ziper2"]
[Result "1-0"]
[ECO "A16"]
[WhiteElo "1691"]
[BlackElo "1875"]
[PlyCount "63"]
[EventDate "2020.??.??"]
[EventRounds "1"]
[TimeControl "180+2"]

1. c4 Nf6 2. Nc3 g6 3. g3 Bg7 4. Bg2 O-O 5. e3 d6 6. Nge2 Nbd7 7. O-O c5 8. d4
e6 9. a3 a5 10. Nb5 Rb8 11. Nxd6 Qe7 12. Nxc8 Rfxc8 13. Nc3 cxd4 14. exd4 Rxc4
15. Bf4 Rd8 16. Bxb7 Nd5 17. Bxd5 Rxd4 18. Re1 Rxd1 19. Raxd1 e5 20. Bxe5 Nxe5
21. f4 Qc5+ 22. Kg2 Rxd5 23. Rxd5 Qxd5+ 24. Nxd5 Nc4 25. b3 Nxa3 26. Ne7+ Kf8
27. Nc6 Nb5 28. Ne5 f5 29. Rd1 Nc3 30. Rd8+ Ke7 31. Rd7+ Kf6 32. Rf7+ {Normal}
1-0

[Event "Cup of July"]
[Site "?"]
[Date "2020.07.12"]
[Round "1"]
[White "Ziper2"]
[Black "Misha_Bazarov"]
[Result "0-1"]
[ECO "A08"]
[WhiteElo "1875"]
[BlackElo "1691"]
[PlyCount "74"]
[EventDate "2020.??.??"]
[EventRounds "1"]
[TimeControl "300"]

1. Nf3 d5 2. g3 c5 3. Bg2 Nc6 4. d3 e5 5. O-O Nf6 6. Nbd2 Be6 7. b3 Bd6 8. Bb2
d4 9. c3 O-O 10. cxd4 cxd4 11. Rc1 Rc8 12. Nc4 b5 13. Nxd6 Qxd6 14. a3 Na5 15.
b4 Rxc1 16. Bxc1 Nc6 17. Bg5 Nd5 18. Qc2 Rc8 19. Rc1 h6 20. Bd2 Ncxb4 21. Qb2
Rxc1+ 22. Qxc1 Nc6 23. e4 Nb6 24. Qb2 a6 25. Qa1 a5 26. Ne1 b4 27. axb4 axb4
28. Qb2 Na4 29. Qa1 Nc3 30. Qb2 Na5 31. f4 f6 32. fxe5 fxe5 33. Nc2 b3 34. Na3
Na4 35. Qb1 Qxa3 36. Bxa5 Nc3 37. Bxc3 dxc3 {Normal} 0-1

[Event "Cup of July"]
[Site "?"]
[Date "2020.07.12"]
[Round "1"]
[White "Misha_Bazarov"]
[Black "Ziper2"]
[Result "0-1"]
[ECO "A10"]
[WhiteElo "1691"]
[BlackElo "1875"]
[PlyCount "125"]
[EventDate "2020.??.??"]
[EventRounds "1"]
[TimeControl "180+2"]

1. c4 b6 2. Nc3 Bb7 3. Nf3 e6 4. g3 Nc6 5. Bg2 Nd4 6. O-O Nxf3+ 7. Bxf3 Bxf3 8.
exf3 Nf6 9. d4 g6 10. Bg5 Bg7 11. d5 O-O 12. dxe6 fxe6 13. Ne4 Qe8 14. c5 Qf7
15. Nxf6+ Bxf6 16. Bxf6 Qxf6 17. Qxd7 Rac8 18. cxb6 axb6 19. Rfe1 e5 20. Qd5+
Kh8 21. Qxe5 Qxe5 22. Rxe5 Rxf3 23. Rae1 Kg7 24. Re7+ Kh6 25. Rc1 c5 26. Rb7
Rcf8 27. Rc2 R8f6 28. Kg2 Kg5 29. Rxh7 Rd3 30. Rb7 Rd1 31. a4 Ra1 32. b3 Rb1
33. Rc3 Rb2 34. h4+ Kh6 35. Rf3 Rxf3 36. Kxf3 Rxb3+ 37. Kg2 g5 38. hxg5+ Kxg5
39. a5 c4 40. Kf1 c3 41. a6 Ra3 42. Rxb6 c2 43. Rc6 Ra1+ 44. Ke2 c1=Q 45. Rxc1
Rxc1 46. f4+ Kg4 47. Ke3 Ra1 48. Ke4 Rxa6 49. f5 Ra4+ 50. Ke5 Ra5+ 51. Ke6 Rxf5
52. Kd6 Kxg3 53. Ke6 Kg4 54. Kd6 Kf4 55. Ke6 Ke4 56. Kd6 Rh5 57. Ke6 Rh6+ 58.
Kf7 Kf5 59. Kg7 Ra6 60. Kf7 Ra7+ 61. Kf8 Ke6 62. Kg8 Kf6 63. Kh8 {Normal} 0-1

[Event "Cup of July"]
[Site "?"]
[Date "2020.07.12"]
[Round "1"]
[White "Misha_Bazarov"]
[Black "Ziper2"]
[Result "1-0"]
[ECO "A16"]
[WhiteElo "1691"]
[BlackElo "1875"]
[PlyCount "99"]
[EventDate "2020.??.??"]
[EventRounds "1"]
[TimeControl "300"]

1. c4 Nf6 2. Nc3 g6 3. g3 Bg7 4. Bg2 O-O 5. e3 Nc6 6. Nge2 b6 7. O-O Bb7 8. d4
e6 9. a3 a5 10. Bd2 Rb8 11. e4 d6 12. d5 exd5 13. exd5 Ne5 14. b3 Re8 15. Nd4
Rc8 16. Bh3 Rb8 17. Re1 c6 18. Bg2 cxd5 19. Nxd5 Nxd5 20. cxd5 Nd3 21. Rxe8+
Qxe8 22. Be3 Ne5 23. Nb5 Qxb5 24. Rb1 Rc8 25. Rc1 Rf8 26. a4 Qe8 27. Bxb6 Qa8
28. Qd2 Re8 29. Bxa5 Qa6 30. Bb4 Nd3 31. Rd1 Nxb4 32. Qxb4 h6 33. Bf1 Qa8 34.
Qxd6 Rd8 35. Qc5 Bxd5 36. Bc4 Bxc4 37. Rxd8+ Qxd8 38. Qxc4 Qd1+ 39. Kg2 Bf8 40.
a5 Qd6 41. a6 Qb6 42. b4 Bxb4 43. a7 Qxa7 44. Qxb4 Kg7 45. Qc3+ f6 46. f4 Kf7
47. Qc4+ Kg7 48. Qd5 Qb7 49. Qxb7+ Kg8 50. Kf3 {Normal} 1-0

[Event "Cup of July"]
[Site "?"]
[Date "2020.07.12"]
[Round "1"]
[White "Ziper2"]
[Black "Misha_Bazarov"]
[Result "1-0"]
[ECO "A00"]
[WhiteElo "1875"]
[BlackElo "1691"]
[PlyCount "61"]
[EventDate "2020.??.??"]
[EventRounds "1"]
[TimeControl "300"]

1. Nc3 g6 2. b3 Bg7 3. Bb2 c5 4. e4 Nc6 5. Nf3 e6 6. Be2 Nge7 7. O-O O-O 8. Rb1
d5 9. exd5 exd5 10. Bb5 Bd7 11. d3 a6 12. Bxc6 Bxc6 13. Re1 Re8 14. Ne5 Qd6 15.
Nxc6 Nxc6 16. Qf3 Bxc3 17. Bxc3 d4 18. Bd2 Ne5 19. Qg3 Nc4 20. Bh6 Qxg3 21.
fxg3 Ne3 22. Re2 Nf5 23. Rxe8+ Rxe8 24. Bf4 Re2 25. Rc1 Ne3 26. Bd6 Nxc2 27.
Bxc5 Na3 28. Bxa3 Rxa2 29. Bc5 Rd2 30. Bxd4 Rxd3 31. Rc8# {Normal} 1-0

[Event "Cup of July"]
[Site "?"]
[Date "2020.07.12"]
[Round "1"]
[White "Misha_Bazarov"]
[Black "Ziper2"]
[Result "1-0"]
[ECO "A10"]
[WhiteElo "1691"]
[BlackElo "1875"]
[PlyCount "111"]
[EventDate "2020.??.??"]
[EventRounds "1"]
[TimeControl "300"]

1. c4 b6 2. Nc3 Bb7 3. Nf3 Nc6 4. g3 Nf6 5. Bg2 Nd4 6. O-O Nxf3+ 7. Bxf3 Bxf3
8. exf3 g6 9. d3 Bg7 10. Bf4 O-O 11. Re1 d6 12. Ne4 Nxe4 13. fxe4 Bxb2 14. Rb1
Bg7 15. e5 dxe5 16. Bxe5 f6 17. Bf4 Qd7 18. Qe2 e5 19. Be3 Rad8 20. Rbd1 c5 21.
f4 Qc6 22. fxe5 fxe5 23. Bg5 Rd7 24. Qe4 Qe6 25. Bf4 Rd4 26. Qe3 Re8 27. Bh6
Bh8 28. Rf1 e4 29. Qf4 Qe7 30. dxe4 Rxe4 31. Qf3 Bd4+ 32. Kg2 Re2+ 33. Kh1 Re6
34. Qd5 Kh8 35. Qf3 Rf6 36. Qd5 Rd8 37. Qg2 Re8 38. Qh3 Qf7 39. Rxf6 Qxf6 40.
Qf1 Qc6+ 41. Qg2 Qxg2+ 42. Kxg2 Re2+ 43. Kf3 Re8 44. Kg2 Bg7 45. Bxg7+ Kxg7 46.
Rd7+ Kf6 47. Rxa7 Re6 48. Rxh7 Re2+ 49. Kf3 Rxa2 50. Rb7 Rb2 51. Rc7 Rb4 52.
Rc6+ Ke7 53. Rxg6 Rxc4 54. Rxb6 Rc2 55. Rh6 c4 56. Rh7+ {Time forfeit} 1-0

[Event "Cup of July"]
[Site "?"]
[Date "2020.07.12"]
[Round "1"]
[White "Adisa_zkm07"]
[Black "Larisa12"]
[Result "0-1"]
[ECO "B01"]
[WhiteElo "1661"]
[BlackElo "2025"]
[PlyCount "48"]
[EventDate "2020.??.??"]
[EventRounds "1"]
[TimeControl "180+2"]

1. e4 d5 2. e5 c5 3. Nf3 Nc6 4. d3 Bg4 5. Be2 Bxf3 6. Bxf3 Nxe5 7. Bf4 Nxf3+ 8.
Qxf3 Nf6 9. Nd2 Qb6 10. Rb1 e6 11. O-O Be7 12. Rfe1 O-O 13. Re5 Bd6 14. Rg5
Bxf4 15. Qxf4 h6 16. Re5 Qd6 17. Rbe1 Nd7 18. Rxe6 Qxf4 19. R6e2 Nf6 20. g3 Qd6
21. Kg2 Rfe8 22. Nf3 Rxe2 23. Rxe2 Re8 24. Rd2 b5 {Normal} 0-1

[Event "Cup of July"]
[Site "?"]
[Date "2020.07.12"]
[Round "1"]
[White "Larisa12"]
[Black "Adisa_zkm07"]
[Result "1-0"]
[ECO "D15"]
[WhiteElo "2024"]
[BlackElo "1663"]
[PlyCount "59"]
[EventDate "2020.??.??"]
[EventRounds "1"]
[TimeControl "180+2"]

1. d4 d5 2. c4 c6 3. Nc3 Nf6 4. Nf3 Bg4 5. Ne5 Nbd7 6. Nxg4 Nxg4 7. cxd5 cxd5
8. Nxd5 e6 9. Nc3 Bd6 10. e4 Ngf6 11. e5 Bxe5 12. dxe5 Ng8 13. Bb5 a6 14. Bxd7+
Qxd7 15. Qxd7+ Kxd7 16. O-O Ne7 17. Rd1+ Kc6 18. b4 b5 19. a4 Rab8 20. axb5+
axb5 21. Rd6+ Kc7 22. Ra7+ Kc8 23. Rxe7 Rf8 24. Rdd7 Rb6 25. Rc7+ Kb8 26. Be3
Ra6 27. Rb7+ Ka8 28. Ra7+ Rxa7 29. Rxa7+ Kb8 30. Nxb5 {Normal} 1-0

[Event "Cup of July"]
[Site "?"]
[Date "2020.07.12"]
[Round "1"]
[White "Adisa_zkm07"]
[Black "Larisa12"]
[Result "0-1"]
[ECO "B10"]
[WhiteElo "1665"]
[BlackElo "2023"]
[PlyCount "84"]
[EventDate "2020.??.??"]
[EventRounds "1"]
[TimeControl "180+2"]

1. e4 c6 2. Nc3 d5 3. exd5 cxd5 4. Nf3 Nf6 5. Bb5+ Bd7 6. Bxd7+ Nbxd7 7. d3 e6
8. Bf4 Qb6 9. Qc1 Be7 10. O-O O-O 11. Be3 Qc7 12. Re1 a6 13. Bf4 Bd6 14. Bxd6
Qxd6 15. Qg5 h6 16. Qe3 Qb4 17. Rab1 b5 18. a3 Qd6 19. d4 Nb6 20. Ne5 Nc4 21.
Nxc4 bxc4 22. Qd2 Rab8 23. h3 Rb7 24. b3 cxb3 25. cxb3 Qxa3 26. Qc2 Rc8 27.
Rec1 Ne4 28. Ra1 Qb4 29. Qb2 Rxc3 30. Rxc3 Qxc3 31. Qxc3 Nxc3 32. b4 Rxb4 33.
Ra3 Ne2+ 34. Kh2 Nxd4 35. Rxa6 Rb2 36. Ra4 Nf5 37. f3 Ne3 38. Kg3 Rxg2+ 39. Kf4
Nf5 40. Ke5 Rg3 41. f4 Re3+ 42. Re4 Rxe4# {Normal} 0-1